 Dungeon Crawl Stone Soup version 0.19.1 (webtiles) character file.

62 omegacute the Chopper (level 3, 0/31 HPs)
             Began as a Minotaur Berserker on Dec 6, 2016.
             Was a Believer of Trog.
             Slain by an orc
             ... wielding a +0 club of chaos
              (3 damage)
             ... on level 2 of the Dungeon.
             The game lasted 00:05:21 (1284 turns).

omegacute the Chopper (Minotaur Berserker)          Turns: 1284, Time: 00:05:21

Health: 0/31       AC:  3    Str: 22    XL:     3   Next: 85%
Magic:  2/2        EV: 11    Int:  4    God:    Trog [**....]
Gold:   83         SH:  0    Dex:  9    Spells: 0 memorised, 2 levels left

rFire  . . .     SeeInvis .     a - +1 hand axe
rCold  . . .     Gourm    .     o - -2 ring mail (curse)
rNeg   . . .     Faith    .     (no shield)
rPois  .         Spirit   .     (helmet restricted)
rElec  .         Reflect  .     (no cloak)
rCorr  .         Harm     .     (no gloves)
MR     ++...     Rnd*Tele +     (no boots)
Stlth  ..........               (no amulet)
                                (no ring)
                                e - ring of teleportation (curse)

@: lethally poisoned (0 -> 0), regenerating, drained
A: retaliatory headbutt, horns 2
a: Berserk, Trog's Hand, Burn Spellbooks, Renounce Religion


You were on level 2 of the Dungeon.
You worshipped Trog.
Trog was pleased with you.
You were not hungry.

You visited 1 branch of the dungeon, and saw 2 of its levels.

You collected 83 gold pieces.

Inventory:

Hand Weapons
 a - a +1 hand axe (weapon)
Armour
 b - a +1 ring mail of cold resistance
 o - a cursed -2 ring mail (worn)
Jewellery
 e - a cursed ring of teleportation (left hand)
Scrolls
 h - 2 scrolls of teleportation
 l - 2 scrolls of identify
Potions
 d - 2 potions of agility {unknown}
 j - 2 potions of lignification
 k - a potion of degeneration {unknown}
 m - a potion of flight {unknown}
 p - a potion of curing {unknown}
 q - a potion of brilliance {unknown}
Comestibles
 c - 2 bread rations
 f - 5 chunks of flesh
 g - a royal jelly
 i - 3 slices of pizza
 n - a meat ration


   Skills:
 - Level 3.6(3.3) Fighting
 + Level 5.8(5.5) Axes
 - Level 2.4(2.1) Armour
 - Level 2.1(1.9) Dodging


You had 2 spell levels left.
You didn't know any spells.

Dungeon Overview and Level Annotations

Branches:
Dungeon (2/15)

Altars:
Gozag
Makhleb
Trog
Xom


Innate Abilities, Weirdness & Mutations

You reflexively headbutt those who attack you in melee.
You have a pair of horns on your head.


Message History

You kill the adder!
Trog accepts your kill.
An orc comes into view. It is wielding a spear of chaos.
The orc shouts!
You hit the kobold.
You kill the kobold!
Trog accepts your kill.
You hear a splash. x2
You hit the orc.
You feel sick. The orc hits you but does no damage.
You are electrocuted!
* * * LOW HITPOINT WARNING * * *
You take 14 damage, and have 7/31 hp.
MASSIVE DAMAGE!!
Your skin crawls.
You feel resistant to hostile enchantments.
You feel somewhat more hungry. The orc hits you with a club of chaos.
* * * LOW HITPOINT WARNING * * *
You feel drained.
* * * LOW HITPOINT WARNING * * *
The orc hits you with a club of chaos.
You die...

##..###....
#....## .. .#...
....[.#... ..o#
........... ... ≈#
...........####..≈
#.# ##.........
..##o####..≈#
###.......
#..o≈.≈.≈#.#
#...#.#
#.ro#.#.#≈⌠ #####.
#@o#≈.#..#
##...[≈.##
###≈.._.# ###
.≈.### ##.##
≈##.## ## ###...#
##...## #8###
#.....# ##.###)##
...8...8####...#
#.## ##.#
........##.....#
#.# #.#


You could see 5 orcs and a rat.

Vanquished Creatures
  2 adders (D:2)
  An ooze (D:2)
  A worm (D:2)
  A ball python (D:1)
  A bat (D:1)
  4 giant cockroaches
  4 goblins
  5 hobgoblins
  4 jackals (D:1)
  A quokka (D:2)
  5 kobolds
  6 rats
35 creatures vanquished.

Notes
Turn   | Place    | Note
-------+----------+-------------------------------------------
     0 | D:1      | omegacute the Minotaur Berserker began the quest for the Orb.
     0 | D:1      | Reached XP level 1. HP: 19/19 MP: 0/0
   110 | D:1      | Reached skill level 4 in Axes
   173 | D:1      | Reached XP level 2. HP: 23/26 MP: 1/1
   682 | D:2      | Found an opulent altar of Gozag.
   781 | D:2      | Found a bloodstained altar of Trog.
   862 | D:2      | Reached skill level 5 in Axes
   865 | D:2      | Reached XP level 3. HP: 29/31 MP: 2/2
   873 | D:2      | Reached ** piety under Trog
  1010 | D:2      | Found a burning altar of Makhleb.
  1277 | D:2      | Found a shimmering altar of Xom.
  1284 | D:2      | Slain by an orc

Skill      XL: |  1  2 |
---------------+-------+-----
Axes           | 4 5 |  5.8
Fighting       | |  3.6
Armour         | |  2.4
Dodging        | |  2.1

Action                   || total
-------------------------++-------
Melee: Hand axe          ||    79
       Headbutt          ||    10
Invok: Berserk           ||     1
       Trog's Hand       ||     1
  Use: Scroll            ||     7
  Eat: Chunk             ||     2
Armor: Ring mail         ||    25
Dodge: Dodged            ||    41
